 Dungeon Crawl Stone Soup version 0.23.1-37-gaa34b87 (webtiles) character file.

Game seed: 18419225819978751001

1 wilfster70 the Magician (level 1, 0/13 HPs)
             Began as a Gnoll Wizard on Mar 20, 2019.
             Killed from afar by a dart slug (4 damage)
             ... with a slug dart
             ... on level 1 of the Dungeon.
             The game lasted 00:00:23 (42 turns).

wilfster70 the Magician (Gnoll Wizard)                Turns: 42, Time: 00:00:24

Health: 0/13       AC:  2    Str:  9    XL:     1   Next: 20%
Magic:  3/8        EV: 14    Int: 20    God:
Gold:   11         SH:  0    Dex: 13    Spells: 13/14 levels left

rFire    . . .     SeeInvis .   a - +0 hunting sling
rCold    . . .     Gourm    .   (no shield)
rNeg     . . .     Faith    .   e - +0 robe
rPois    .         Spirit   .   b - +0 hat
rElec    .         Reflect  .   (no cloak)
rCorr    .         Harm     .   (no gloves)
MR       .....                  (no boots)
Stlth    ++........             (no amulet)
HPRegen  0.04/turn              (no ring)
MPRegen  0.11/turn              (no ring)

@: no status effects
A: distributed training, fangs 1, strong nose
a: no special abilities


You were on level 1 of the Dungeon.
You were not hungry.

You visited 1 branch of the dungeon, and saw 1 of its levels.

You collected 11 gold pieces.

Inventory:

Hand Weapons
 a - a +0 hunting sling (weapon)
Armour
 b - a +0 hat (worn)
 e - a +0 robe (worn)
Scrolls
 c - a scroll of random uselessness {unknown}
 f - a scroll of fog {unknown}
Comestibles
 d - a ration


   Skills:
 + Level 0.0 Fighting
 + Level 0.0 Short Blades
 + Level 0.0 Long Blades
 + Level 0.0 Axes
 + Level 0.0 Maces & Flails
 + Level 0.0 Polearms
 + Level 0.0 Staves
 + Level 0.0 Slings
 + Level 0.0 Bows
 + Level 0.0 Crossbows
 + Level 0.0 Throwing
 + Level 0.0 Armour
 + Level 4.4 Dodging
 + Level 4.0 Stealth
 + Level 0.0 Shields
 + Level 0.0 Unarmed Combat
 + Level 7.0 Spellcasting
 + Level 1.9 Conjurations
 + Level 0.0 Hexes
 + Level 0.0 Charms
 + Level 1.9 Summonings
 + Level 0.0 Necromancy
 + Level 1.9 Translocations
 + Level 0.0 Transmutations
 + Level 0.0 Fire Magic
 + Level 0.0 Ice Magic
 + Level 0.0 Air Magic
 + Level 0.0 Earth Magic
 + Level 0.0 Poison Magic
 + Level 0.0 Invocations
 + Level 0.0 Evocations


You had 13 spell levels left.
You knew the following spells:

 Your Spells              Type           Power        Failure   Level  Hunger
a - Magic Dart            Conj           ##..         4%          1    None

Your spell library contained the following spells:

 Spells                   Type           Power        Failure   Level  Hunger
 Blink                    Tloc           N/A          6%          2    None
 Call Imp                 Summ           ##......     6%          2    None
 Slow                     Hex            #.......     14%         2    None
 Conjure Flame            Conj/Fire      ##......     19%         3    #......
 Mephitic Cloud           Conj/Pois/Air  #.......     22%         3    #......


Dungeon Overview and Level Annotations

Branches:
Dungeon (1/15)

Altars:


Innate Abilities, Weirdness & Mutations

Your experience applies equally to all skills.
You have very sharp teeth.
Your uncanny sense of smell can sniff out nearby items.


Message History

The dart slug is heavily wounded.
Casting: Magic Dart (safe; 4% risk of failure)
Confirm with . or Enter, or press ? or * to list all spells.
Aiming: Magic Dart (safe; 4% risk of failure)
Press: ? - help, Shift-Dir - straight line, f/p - dart slug
Aim: a dart slug (heavily wounded, clinging)
The magic dart hits the dart slug.
The dart slug is severely wounded.
The dart slug launches a dart at you. The slug dart hits you.
Casting: Magic Dart (safe; 4% risk of failure)
Confirm with . or Enter, or press ? or * to list all spells.
Aiming: Magic Dart (safe; 4% risk of failure)
Press: ? - help, Shift-Dir - straight line, f/p - dart slug
Aim: a dart slug (severely wounded, clinging)
The magic dart hits the dart slug but does no damage.
The dart slug is severely wounded.
The dart slug launches a dart at you. The slug dart hits you.
You die...

#..#..#.....#..##
#...#.......#..##
#..#....<....#..#
#..#.......#..##
#..#.....#...#
##..#####..#.#
##...[...##.#
###..####..#####.#
#.......@w[....#
#.###########..#
#.# #.# #.# #.#
#.# #.


You could see a dart slug.

Vanquished Creatures
  A kobold (D:1)
1 creature vanquished.

Notes
Turn   | Place    | Note
-------+----------+-------------------------------------------
     0 | D:1      | wilfster70 the Gnoll Wizard began the quest for the Orb.
     0 | D:1      | Reached XP level 1. HP: 13/13 MP: 8/8
    42 | D:1      | Killed from afar by a dart slug

Action                   || total
-------------------------++-------
 Cast: Magic Dart        ||     6
